 Dungeon Crawl Stone Soup version 0.29.1-2-gbd0b4ee654 (webtiles) character file.

Game seed: 8779005974665811965

170 lokiplouj the Magician (level 5, -1/24 HPs)
             Began as a Spriggan Earth Elementalist on Nov 9, 2022.
             Was a Believer of Qazlal.
             Slain by a white imp (4 damage)
             ... summoned by Natasha
             ... on level 2 of the Dungeon.
             The game lasted 00:14:22 (2067 turns).

lokiplouj the Magician (SpEE)                       Turns: 2067, Time: 00:14:23

Health: -1/24      AC:  2    Str:  4    XL:     5   Next: 26%
Magic:  10/13      EV: 18    Int: 17    God:    Qazlal [**....]
Gold:   55         SH:  2    Dex: 17    Spells: 10/14 levels left

rFire   . . .      SeeInvis +   g - staff of earth
rCold   . . .      Faith    .   (shield currently unavailable)
rNeg    . . .      Spirit   .   a - +0 robe
rPois   .          Reflect  .   (helmet restricted)
rElec   .          Harm     .   (no cloak)
rCorr   .          Rampage  .   (gloves unavailable)
Will    .....                   (boots unavailable)
Stlth   ++........              d - amulet of regeneration
HPRegen 0.88/turn               (no ring)
MPRegen 0.13/turn               (no ring)

@: slowed, quick
A: very small, no large weapons, unfitting armour, see invisible, speed 3
a: Renounce Religion, Upheaval


You were on level 2 of the Dungeon.
You worshipped Qazlal.
Qazlal was pleased with you.
You visited 1 branch of the dungeon, and saw 2 of its levels.

You collected 55 gold pieces.

Inventory:

Armour
 a - a +0 robe (worn)
Magical Staves
 g - a staff of earth (weapon)
Jewellery
 d - an amulet of regeneration (around neck)
Scrolls
 h - a scroll of enchant armour
 j - 2 scrolls of poison {unknown}
 k - a scroll of fear {unknown}
Potions
 b - a potion of magic
 c - a potion of ambrosia
 e - 2 potions of curing
 f - a potion of flight
 i - a potion of haste
 l - a potion of mutation {unknown}


   Skills:
 - Level 0.1 Fighting
 * Level 3.5 Dodging
 * Level 4.1 Stealth
 + Level 0.1 Unarmed Combat
 + Level 5.0 Spellcasting
 + Level 1.3 Transmutations
 - Level 3.6 Earth Magic


You had 10 spell levels left.
You knew the following spells:

 Your Spells              Type           Power      Damage    Failure   Level
a - Sandblast             Erth           48%        2d12      3%          1
b - Stone Arrow           Conj/Erth      30%        3d8       21%         3

Your spell library contained the following spells:

 Spells                   Type           Power      Damage    Failure   Level
 Passwall                 Tmut/Erth      15%        N/A       8%          2
 Petrify                  Tmut/Erth      19%        N/A       45%         4


Dungeon Overview and Level Annotations

Branches:
Dungeon (2/15)

Altars:
Qazlal

Annotations:
D:2 Natasha


Innate Abilities, Weirdness & Mutations

You are very small and have problems with some larger weapons.
You are too small for most types of armour.
You have supernaturally acute eyesight. (SInv)
You cover ground extremely quickly. (Speed+++)


Message History

Natasha mumbles some strange words.
Natasha glows brightly for a moment.
Natasha misses you.
Casting: Sandblast (safe; 3% risk of failure)
Confirm with . or Enter, or press ? or * to list all spells.
Aiming: Sandblast (safe; 3% risk of failure)
Press: ? - help, Shift-Dir - straight line, f - Natasha
Aim: Natasha (79% to hit)
You feel a surge of power!
The blast of sand hits Natasha.
Natasha is lightly wounded.
Natasha casts a spell.
Natasha mumbles some strange words.
Natasha's front paws start to glow.
Natasha casts a spell.
Casting: Sandblast (safe; 3% risk of failure)
Confirm with . or Enter, or press ? or * to list all spells.
Aiming: Sandblast (safe; 3% risk of failure)
Press: ? - help, Shift-Dir - straight line, f/p - Natasha
Aim: Natasha (sparse dust, lightly wounded, 79% to hit)
You feel a surge of power!
The blast of sand hits Natasha!
Natasha is severely wounded.
The white imp gestures at you. The puff of frost hits you!
The white imp gestures at you. The puff of frost hits you!
* * * LOW HITPOINT WARNING * * *
Natasha stares at you and mumbles some strange words.
You feel yourself slow down.
Casting: Sandblast (safe; 3% risk of failure)
Confirm with . or Enter, or press ? or * to list all spells.
Aiming: Sandblast (safe; 3% risk of failure)
Press: ? - help, Shift-Dir - straight line, f/p - Natasha
Aim: Natasha (sparse dust, severely wounded, 79% to hit)
You feel a surge of power!
The blast of sand misses Natasha.
The white imp misses you. Natasha misses you. Natasha barely misses you.
The white imp gestures at you. The puff of frost hits you.
* * * LOW HITPOINT WARNING * * *
The white imp hits you.
You die...

### ... ######## #.#
#......## #.# #.###....
#.#######.#####.# #.†..
#>..5.@5.....##.# #....
#....h.##.##.##.###....
#.####.##.......[......
########.###########.#.##
#............# #....#
#.######...#.# ###...
#.######...#.#########.#.
#.##.....#...............
#.##.#####.#.#########.##


You could see Natasha and 2 white imps.

Vanquished Creatures
  Terence (D:2)
  Natasha (D:2)
  Robin (D:2)
  4 gnolls (D:2)
  A worm (D:2)
  3 endoplasms
  4 giant cockroaches
  16 goblins
  5 hobgoblins
  3 jackals (D:1)
  5 kobolds (D:1)
  4 quokkas
  7 ball pythons
  A bat (D:1)
  4 frilled lizards
  4 rats
64 creatures vanquished.

Notes
Turn   | Place    | Note
-------+----------+-------------------------------------------
     0 | D:1      | lokiplouj the Spriggan Earth Elementalist began the quest
                  | for the Orb.
     0 | D:1      | Reached XP level 1. HP: 9/9 MP: 5/5
   310 | D:1      | Reached XP level 2. HP: 12/13 MP: 4/6
   445 | D:1      | Reached skill level 3 in Spellcasting
   878 | D:1      | Reached XP level 3. HP: 16/16 MP: 2/8
  1036 | D:1      | Found a faded altar of an unknown god.
  1247 | D:1      | Learned a level 3 spell: Stone Arrow
  1340 | D:1      | Prayed at the altar of an unknown god.
  1340 | D:1      | Became a worshipper of Qazlal Stormbringer
  1340 | D:1      | Reached * piety under Qazlal
  1390 | D:2      | Noticed Robin
  1582 | D:2      | Killed Robin
  1644 | D:2      | Reached XP level 4. HP: 21/21 MP: 8/10
  1646 | D:2      | Reached skill level 4 in Spellcasting
  1646 | D:2      | Noticed Terence
  1692 | D:2      | Killed Terence
  1750 | D:2      | Reached XP level 5. HP: 24/24 MP: 1/13
  1879 | D:2      | Noticed Natasha
  1885 | D:2      | Killed Natasha
  1916 | D:2      | Reached ** piety under Qazlal
  1917 | D:2      | Reached skill level 5 in Spellcasting
  2060 | D:2      | Noticed Natasha
  2067 | D:2      | Slain by a white imp

Illustrated notes

Levels and vault maps discovered:
D:1:      ncdulo_wetmaze, layout_rooms, shapermc_ecumenical_altar_mp_vishouse,
          minmay_tetromino_t2
D:2:      minmay_wonky_spiral, layout_basic, minmay_strange_pillars,
          minmay_misc_feat_tower, uniq_natasha, uniq_robin, uniq_terence

Skill      XL: |  1  2  3  4  5 |
---------------+----------------+-----
Earth Magic    | 3 |  3.6
Spellcasting   | 3 4 5 |  5.0
Dodging        | 3 |  3.5
Stealth        | 4 |  4.1
Fighting       | |  0.1
Unarmed Combat | |  0.1
Transmutations | |  1.3

Action                   |  1- 3 |  4- 6 || total
-------------------------+-------+-------++-------
Melee: Unarmed           |    12 |       ||    12
       Punch             |     1 |       ||     1
       Staff             |    10 |     7 ||    17
 Cast: Sandblast         |    59 |    32 ||    91
  Use: Scroll            |     3 |     1 ||     4
 Stab: Distracted        |     1 |       ||     1
Armor: Robe              |     7 |       ||     7
Dodge: Dodged            |    55 |    25 ||    80
Block: Other             |     1 |       ||     1
